 Dungeon Crawl Stone Soup version 0.30-a0-782-ge64f9170bb (webtiles) character file.

Game seed: 3140139767517625365

13962 zibbyzibby the Covert (level 11, -6/64 HPs)
             Began as a Vampire Brigand on Feb 21, 2023.
             Killed by dispel undead
             ... invoked by Josephine
              (17 damage)
             ... on level 12 of the Dungeon.
             The game lasted 01:18:52 (13569 turns).

zibbyzibby the Covert (Vampire Brigand)            Turns: 13569, Time: 01:18:53

Health: -6/64      AC: 21    Str: 10    XL:     11   Next: 82%
Magic:  11/11      EV: 21    Int: 15    God:
Gold:   611        SH:  0    Dex: 19    Spells: 10/10 levels left

rFire   . . .      SeeInvis +    t - +3 quarterstaff (chaos)
rCold   + + .      Faith    .    (shield currently unavailable)
rNeg    + + +      Spirit   .    L - +0 acid dragon scales
rPois   ∞          Reflect  .    h - +2 helmet
rElec   .          Harm     .    w - +2 cloak {Will+}
rCorr   +          Rampage  .    x - +2 pair of gloves
Will    ++...                    q - +0 pair of boots
Stlth   +++++++                  E - amulet of magic regeneration
HPRegen 0.00/turn                v - +4 ring of protection
MPRegen 0.52/turn                l - +5 ring of evasion

@: bloodless, inhibited regen
A: bloodless, fangs 3, see invisible, vampiric 2
a: Bat Form, Revivify


You were on level 12 of the Dungeon.
You visited 1 branch of the dungeon, and saw 12 of its levels.

You collected 611 gold pieces.

Inventory:

Hand Weapons
 f - a +2 dagger of speed
 i - a +0 whip of electrocution
 s - a +1 heavy war axe
 t - a +3 quarterstaff of chaos (weapon)
 u - a +3 dagger of venom
Missiles
 C - 7 boomerangs (quivered)
Armour
 e - a +0 troll leather armour
 h - a +2 helmet (worn)
 q - a +0 pair of boots (worn)
 w - a +2 cloak of willpower (worn)
 x - a +2 pair of gloves (worn)
 F - the +18 Lear's hauberk
   (You found it on level 10 of the Dungeon)
 K - the +2 leather armour of Pandemonium {rElec}
   (You found it on level 9 of the Dungeon)

   rElec:     It insulates you from electricity.
 L - +0 acid dragon scales (worn)
Jewellery
 k - a ring of fire
 l - a +5 ring of evasion (right hand)
 v - a +4 ring of protection (left hand)
 E - an amulet of magic regeneration (around neck)
 G - a ring of resist corrosion
Wands
 n - a wand of digging (6)
 H - a wand of roots (6)
Scrolls
 a - a scroll of amnesia
 b - a scroll of fear
 m - 6 scrolls of teleportation
 p - 2 scrolls of brand weapon {unknown}
 B - 2 scrolls of enchant armour
 D - 2 scrolls of enchant weapon
Potions
 c - a potion of curing
 d - 2 potions of magic
 g - 3 potions of resistance
 j - 4 potions of flight
 o - 2 potions of cancellation
 I - a potion of brilliance
 J - 2 potions of lignification


   Skills:
 + Level 5.4 Fighting
 + Level 8.8 Short Blades
 + Level 3.0 Staves
 + Level 9.2 Throwing
 + Level 4.1 Armour
 + Level 8.1 Dodging
 + Level 13.5 Stealth
 + Level 2.4 Evocations


You had 10 spell levels left.
You didn't know any spells.
Your spell library contained the following spells:

 Spells                   Type           Power      Damage    Failure   Level
 Necrotise                Necr           0%         1d4       38%         1
 Shock                    Conj/Air       0%         1d3       38%         1
 Sting                    Tmut/Pois      0%         1d3       38%         1
 Poisonous Vapours        Pois/Air       0%         N/A       54%         2
 Hailstorm                Conj/Ice       0%         3d3       77%         3
 Swiftness                Air            0%         N/A       77%         3
 Vampiric Draining        Necr           0%         2d6       77%         3
 Airstrike                Air            0%         2d(0-16)  99%         4
 Ice Form                 Ice/Tmut       0%         N/A       99%         4
 Olgreb's Toxic Radiance  Pois           0%         N/A       99%         4
 Agony                    Necr           0%         N/A       100%        5
 Simulacrum               Ice/Necr       0%         N/A       100%        6


Dungeon Overview and Level Annotations

Branches:
Dungeon (12/15)            Temple (0/1) D:5            Lair (0/5) D:8
    Orc: D:9-12

Altars:
Okawaru
Uskayaw
Vehumet
Wu Jian

Portals:
Abyss: D:9

Annotations:
D:9 2 transporters, Viceroy's ghost, journeyman FoHu
D:12 Josephine


Innate Abilities, Weirdness & Mutations

You do not regenerate when monsters are visible.
You are frail without blood (-20% HP).
You can heal yourself when you bite living creatures.
You are immune to poison.
You have razor-sharp teeth.
You have supernaturally acute eyesight. (SInv)
You are afflicted with vampirism and can become a bat while bloodless.


Message History

Josephine is lightly wounded.
Josephine hits you but does no damage.
You hit Josephine.
Josephine is lightly wounded.
Josephine gestures at you while chanting.
You convulse!
Ouch! That really hurt!
* * * LOW HITPOINT WARNING * * *
Josephine hits you with a +0 dagger.
* * * LOW HITPOINT WARNING * * *
You barely miss Josephine.
Josephine is lightly wounded.
Josephine barely misses you.
You feel better. Josephine closely misses you.
You sock Josephine!
Josephine is poisoned.
Josephine is lightly wounded.
Josephine hits you but does no damage.
You hit Josephine. Your bite misses Josephine.
Josephine is lightly wounded.
Josephine hits you but does no damage.
You closely miss Josephine.
Josephine is moderately wounded.
Josephine grinds her teeth.
Josephine hits you but does no damage.
You thump Josephine!
Josephine is moderately wounded.
Josephine grins evilly.
Josephine closely misses you.
You sock Josephine! You freeze Josephine.
Josephine is heavily wounded.
Josephine hits you but does no damage. Josephine barely misses you.
You barely miss Josephine.
Josephine is heavily wounded.
Josephine hits you with a +0 dagger.
* * * LOW HITPOINT WARNING * * *
You barely miss Josephine.
Josephine is heavily wounded.
Josephine points at you and mumbles some strange words.
You convulse!
You die...

##### ## ...#
.. #.#.##W#
#.#.@@W#
##.#.####
###....#
#....#.#
#.#.##.# ..
#....#
#.######.####
#.....##.#
####....#


You could see Josephine (very poisoned) and 2 wraiths.

Vanquished Creatures
  Harold (D:10)
  3 boulder beetles (D:11)
  A tengu warrior (D:9)
  Nergalle (D:11)
  A cyclops (D:11)
  A manticore (D:11)
  An unseen horror (D:12)
  3 trolls
  A hornet (D:9)
  A vampire (D:9)
  2 wraiths
  Sigmund (D:5)
  4 wyverns
  A basilisk (D:8)
  17 yaks
  2 vampire mosquitoes
  2 swamp worms (D:11)
  An acid dragon (D:10)
  Menkaure (D:5)
  6 water moccasins
  8 orc warriors
  A black bear (D:4)
  An ice beast (D:6)
  2 sky beasts (D:7)
  An ogre (D:6)
  3 centaurs
  A phantom (D:5)
  3 kobold brigands
  2 gnoll sergeants
  A bullfrog (D:7)
  A necrophage (D:8)
  3 scorpions
  2 electric eels (D:10)
  6 howler monkeys
  3 hounds (D:5)
  3 jellies
  5 orc priests
  2 gnoll boudas
  Crazy Yiuf (D:4)
  3 iguanas
  10 orc wizards
  Robin (D:4)
  20 gnolls
  4 adders
  A shadow imp (D:6)
  A white imp (D:6)
  2 ufetubi
  A worm (D:2)
  5 dart slugs
  47 orcs
  4 bats
  5 endoplasms
  4 giant cockroaches
  16 goblins
  8 hobgoblins
  A jackal (D:2)
  15 kobolds
  4 quokkas
  12 ball pythons
  2 frilled lizards (D:1)
  8 rats
274 creatures vanquished.

Vanquished Creatures (others)
  A gnoll (D:10)
  A bush (D:8)
  2 fungi (D:8)
  20 plants
24 creatures vanquished.

Grand Total: 298 creatures vanquished

Notes
Turn   | Place    | Note
-------+----------+-------------------------------------------
     0 | D:1      | zibbyzibby the Vampire Brigand began the quest for the Orb.
     0 | D:1      | Reached XP level 1. HP: 16/16 MP: 1/1
    97 | D:1      | Reached skill level 6 in Stealth
   110 | D:1      | Found a faded altar of an unknown god.
   240 | D:1      | Reached XP level 2. HP: 20/22 MP: 2/2
  1045 | D:2      | Reached skill level 7 in Stealth
  1056 | D:2      | Gained mutation: You are afflicted with vampirism and can
                  | become a bat while bloodless. [Vampire growth]
  1056 | D:2      | Reached XP level 3. HP: 4/21 MP: 3/3
  1580 | D:3      | Reached XP level 4. HP: 26/26 MP: 4/4
  2172 | D:3      | Reached skill level 8 in Stealth
  2462 | D:4      | Noticed Robin
  2566 | D:4      | Noticed a scorpion
  2580 | D:4      | Killed a scorpion
  2581 | D:4      | Reached XP level 5. HP: 24/30 MP: 5/5
  2627 | D:4      | Found a runed translucent door.
  2628 | D:4      | Noticed Crazy Yiuf
  2708 | D:4      | Reached skill level 9 in Stealth
  2945 | D:4      | Killed Robin
  3056 | D:4      | Noticed a black bear
  3059 | D:4      | Killed a black bear
  3060 | D:4      | Reached XP level 6. HP: 35/35 MP: 6/6
  3745 | D:4      | Killed Crazy Yiuf
  4537 | D:5      | Entered Level 5 of the Dungeon
  4691 | D:5      | Noticed Menkaure
  4699 | D:5      | Killed Menkaure
  4700 | D:5      | Reached XP level 7. HP: 40/40 MP: 7/7
  4807 | D:5      | Identified the +1 robe "Cuisch" {rPois rN+++ Str-2 Dex+7}
  4817 | D:5      | Found a staircase to the Ecumenical Temple.
  5031 | D:5      | Reached skill level 1 in Staves
  5140 | D:5      | Noticed Sigmund
  5147 | D:5      | Killed Sigmund
  5148 | D:5      | Reached skill level 5 in Short Blades
  5148 | D:5      | Reached skill level 10 in Stealth
  5148 | D:5      | Reached XP level 8. HP: 46/46 MP: 8/8
  6346 | D:6      | Found an iron altar of Okawaru.
  6532 | D:7      | Reached skill level 11 in Stealth
  6978 | D:7      | Reached skill level 1 in Armour
  6984 | D:7      | Reached XP level 9. HP: 51/51 MP: 9/9
  7130 | D:7      | Reached skill level 5 in Throwing
  8013 | D:8      | Reached skill level 5 in Dodging
  8048 | D:8      | Reached skill level 12 in Stealth
  8118 | D:8      | Found a staircase to the Lair.
  8137 | D:8      | Reached XP level 10. HP: 56/56 MP: 10/10
  8751 | D:9      | Found a transporter.
  8793 | D:9      | Found a transporter.
  8793 | D:9      | Noticed a soul eater
  8802 | D:9      | Found a one-way gate to the infinite horrors of the Abyss.
  8802 | D:9      | Noticed Viceroy's ghost (journeyman FoHu)
  8813 | D:9      | Noticed a large abomination
  8824 | D:9      | Noticed a toenail golem
  8889 | D:9      | HP: 1/57 [vampire (9)]
  9291 | D:9      | Found an ornate altar of the Wu Jian Council.
  9813 | D:9      | Identified the +2 leather armour of Pandemonium {rElec}
  9949 | D:10     | Entered Level 10 of the Dungeon
  9961 | D:10     | Found a hide-covered altar of Uskayaw.
 10219 | D:10     | Noticed Harold
 10222 | D:10     | Killed Harold
 10369 | D:10     | Noticed a tengu warrior
 10374 | D:10     | Noticed a two-headed ogre
 10419 | D:9      | Killed a tengu warrior
 10420 | D:9      | Reached XP level 11. HP: 12/62 MP: 11/11
 10709 | D:10     | Reached skill level 13 in Stealth
 10719 | D:10     | Reached skill level 5 in Fighting
 10996 | D:9      | HP: 3/63 [yak (5)]
 11292 | D:10     | Found the +18 Lear's hauberk
 11454 | D:10     | Found a radiant altar of Vehumet.
 12113 | D:11     | Noticed a boulder beetle
 12152 | D:11     | Killed a boulder beetle
 12177 | D:11     | Noticed a boulder beetle
 12317 | D:11     | Killed a boulder beetle
 12634 | D:11     | Noticed a boulder beetle
 12757 | D:11     | Noticed a boulder beetle
 12785 | D:11     | Killed a boulder beetle
 12869 | D:11     | Noticed Nergalle
 12900 | D:11     | Killed Nergalle
 12901 | D:11     | Reached skill level 1 in Evocations
 13554 | D:12     | Noticed Josephine
 13569 | D:12     | Killed from afar by Josephine

Illustrated notes

Levels and vault maps discovered:
D:1:      tarquinn_simple_flora_water_e, layout_basic, basic_ecumenical_altar,
          corner_web_ring, st_stairs_11
D:2:      minmay_wonky_spiral, layout_rooms, corexii_hall_statues_i
D:3:      layout_loops_ring
D:4:      layout_basic, uniq_robin, uniq_crazy_yiuf_cottage
D:5:      minmay_skewed_foursquare, layout_cave_pods, kennysheep_little_box,
          minmay_temple_entry_enclosed_plants, grunt_decor_cap,
          kennysheep_flooded_box, kennysheep_generic_room_14, uniq_sigmund,
          uniq_menkaure
D:6:      layout_loops_ring, mainiacjoe_overflow_alcove_4
D:7:      layout_basic
D:8:      layout_loops_ring, minmay_lair_entry_grove
D:9:      layout_irregular_city, mainiacjoe_overflow_24_doors,
          gammafunk_ghost_abyssal_escape
D:10:     layout_basic, fiery_altar_vehumet, nicolae_overflow_two_pavilions,
          hellmonk_guarded_unrand_lears, uniq_harold
D:11:     layout_loops_corners, serial_rivers, chequers_serial_rivers_micro_c,
          chequers_serial_rivers_small_3, chequers_serial_rivers_room_b,
          chequers_serial_rivers_large_b, dreamdust_princess_bridge,
          worms_lemuel, uniq_nergalle
D:12:     layout_basic, zombieorc1_lemuel, grunt_ministairs_6,
          nemelex_diamond_rough_becter, uniq_josephine

Skill      XL: |  1  2  3  4  5  6  7  8  9 10 11 |
---------------+----------------------------------+-----
Stealth        | 6 7 8 9 10 11 12 13 | 13.5
Fighting       | 2 3 4 5 |  5.4
Short Blades   | 3 4 5 6 7 8 |  8.8
Throwing       | 2 3 4 6 8 9 |  9.2
Dodging        | 2 3 4 5 7 8 |  8.1
Staves         | 1 2 3 |  3.0
Armour         | 1 2 3 4 |  4.1
Evocations     | 2 |  2.4

Action                     |  1- 3 |  4- 6 |  7- 9 | 10-12 || total
---------------------------+-------+-------+-------+-------++-------
  Melee: Dagger            |    87 |   116 |   296 |   441 ||   940
         Bite              |     6 |    14 |    44 |    86 ||   150
         Punch             |     1 |     2 |     5 |     9 ||    17
         Quarterstaff      |       |     6 |    38 |    47 ||    91
  Throw: Dart              |     6 |    54 |   108 |    99 ||   267
         Throwing net      |       |       |     1 |     1 ||     2
         Boomerang         |       |       |       |    75 ||    75
Ability: Exsanguinate      |     1 |       |       |       ||     1
  Evoke: Wand              |       |       |       |    48 ||    48
    Use: Scroll            |       |    11 |     7 |     8 ||    26
         Potion            |       |     2 |       |     8 ||    10
   Stab: Sleeping          |    17 |    18 |    12 |    14 ||    61
         Invisible         |       |       |     5 |     2 ||     7
         Distracted        |       |       |       |     1 ||     1
         Petrified         |       |       |       |     1 ||     1
 Armour: Robe              |    17 |    40 |    31 |       ||    88
         Leather armour    |       |       |    53 |    79 ||   132
         Acid dragon scale |       |       |       |    32 ||    32
  Dodge: Dodged            |    63 |    87 |   227 |   363 ||   740

Table legend: (Time is in decaauts)
 A = Elapsed time spent in this place.
 B = Non-inter-level travel time spent in this place.
 C = Inter-level travel time spent in this place.
 D = Time resting spent in this place.
 E = Time spent auto-exploring this place.
 F = Levels seen in this place.
 G = Mean time per level.
                   A        B        C        D        E       F      G
               +--------+--------+--------+--------+--------+-----+--------+
         Total |  13255 |  12768 |    487 |   1789 |   8274 |  12 | 1104.6 |
       Dungeon |  13255 |  12768 |    487 |   1789 |   8274 |  12 | 1104.6 |
               +--------+--------+--------+--------+--------+-----+--------+

Top non-repeatable levels by time:
     D:9: 2119 daAuts
     D:4: 2009 daAuts
    D:11: 1350 daAuts
     D:5: 1184 daAuts
    D:10: 1177 daAuts
     D:7: 1108 daAuts
     D:3: 1044 daAuts
     D:8: 890 daAuts
     D:1: 837 daAuts
     D:6: 752 daAuts
     D:2: 620 daAuts
    D:12: 160 daAuts
